cohdb
Replays
Latest Replays
All Replays
Popular Replays
Top Player Replays
Match Explorer
How It Works
Community
CoH3 Stats
Reddit
Sign in to upload your games and track your stats! →
Sign in with Steam
Match 46736962
Unlisted
Match 46736962
Overview
Messages
Build Orders
End
Construct Infanterie Kompanie
Kettenkrad Recon Vehicle
MG 42 Machine Gun Team
Grenadier Squad
Grenadier Squad
Construct Panzergrenadier Kompanie
251 Medium Carrier
Pak 40 Anti-tank Gun Team
Medical Station
Support Elements
Pak 40 Anti-tank Gun Team
Panzergrenadier Squad
Nebelwerfer 42 Rocket Launcher Team
Construct Panzer Kompanie
MG 42 Bunker
Sturmpanzer IV Brummbär
Panzer Officer Quarters
Side Skirts
Stoßtruppen Squad
Selects Luftwaffe Battlegroup
Selects Reconnaissance Run
Selects Fallschirmjäger Squad Paradrop
Selects Stuka Loiter
Selects Luftwaffe Pioneer Support
Selects LG40 Recoilless Gun Paradrop
Sani
Павел NF
Boneless
MYMN
0
0
Comments
sign in to comment!
No comments posted yet!